 Dungeon Crawl Stone Soup version 0.31-a0-664-g902f515a81 (webtiles) character file.

Game seed: 17142499121904036455

515 arthad the Trooper (level 7, -11/72 HPs)
             Began as an Ogre Shapeshifter on Sept 2, 2023.
             Killed from afar by an acid dragon (28 damage)
             ... with a splash of acid
             ... on level 5 of the Dungeon.
             The game lasted 00:07:11 (4608 turns).

arthad the Trooper (Ogre Shapeshifter)              Turns: 4608, Time: 00:07:12

Health: -11/72     AC:  0    Str: 21    XL:     7   Next: 20%
Magic:  7/7        EV: 10    Int: 23    God:
Gold:   402        SH:  0    Dex:  8    Spells: 6/6 levels left

rFire   . .          .
                       - Unarmed
rCold   . . .        (no shield)
rNeg    . . .        a - +0 animal skin
rPois   .            (helmet currently unavailable)
rElec   .            (cloak currently unavailable)
rCorr   .            (gloves unavailable)
SInv    .            (boots unavailable)
Will    .....        (no amulet)
Stlth   +            q - +6 ring of intelligence
HPRegen 0.32/turn    v - +6 ring of intelligence
MPRegen 0.10/turn

%: no passive effects
@: mighty, beast-form, corroded, hasted, very quick
A: beast (slay +2), large, unfitting armour, tough skin 1
a: Begin Untransformation


You were on level 5 of the Dungeon.
You were a hulking beast.
You visited 1 branch of the dungeon, and saw 5 of its levels.
You also visited: Ossuary.

You collected 402 gold pieces.

Inventory:

Hand Weapons
 t - the +4 quarterstaff of Ghostly Responsibility {flame, +Blink rCorr Str+3 Int+3}
   (You found it on level 4 of the Dungeon)

   Str+3:     It affects your strength (+3).
   Int+3:     It affects your intelligence (+3).
   +Blink:    It lets you blink.
   rCorr:     It protects you from acid and corrosion.
Missiles
 u - 3 boomerangs (quivered)
Armour
 a - a +0 animal skin (worn)
 b - a scarf of invisibility
Magical Staves
 y - the staff "Ebomeeph" {rN+ Earth}
   (You found it on level 4 of the Dungeon)

   [staff of earth]

   Base accuracy: +5 Base damage: 5 Base attack delay: 1.2 This weapon's minimum
   attack delay (0.6) is reached at skill level 12.
   rN+:       It protects you from negative energy.
   Earth:     It increases the power of your Earth spells.
   It falls into the 'Staves' category.
   It is a one-handed weapon.
Jewellery
 e - a ring of protection from cold
 k - a ring of fire
 q - a +6 ring of intelligence (left hand)
 s - an amulet of faith
 v - a +6 ring of intelligence (right hand)
 w - a ring of fire
Talismans
 c - a beast talisman (active)
 d - a flux talisman
 x - a blade talisman
Wands
 p - a wand of charming (5)
Scrolls
 f - a scroll of torment
 i - 2 scrolls of teleportation
 m - 3 scrolls of enchant armour
 o - a scroll of fear
 r - a scroll of noise
 D - a scroll of revelation {unknown}
 H - a scroll of vulnerability {unknown}
Potions
 h - a potion of invisibility {unknown}
 l - 2 potions of ambrosia {unknown}
 n - a potion of attraction {unknown}
 z - a potion of enlightenment {unknown}
 A - 2 potions of brilliance {unknown}
 C - 3 potions of might
 E - a potion of berserk rage {unknown}
 F - a potion of magic {unknown}
 G - a potion of mutation {unknown}


   Skills:
 * Level 5.0 Fighting
 + Level 1.6 Armour
 + Level 2.8 Dodging
 + Level 0.3 Stealth
 * Level 4.3 Unarmed Combat
 * Level 4.4 Shapeshifting


You had 6 spell levels left.
You didn't know any spells.
Your spell library contained the following spells:

 Spells                   Type           Power      Damage    Failure   Level
 Magic Dart               Conj           0%         1d3       16%         1
 Summon Small Mammal      Summ           0%         N/A       16%         1
 Searing Ray              Conj           0%         2d4       24%         2
 Sublimation of Blood     Necr           0%         N/A       24%         2
 Wereblood                Tmut           0%         N/A       24%         2
 Call Canine Familiar     Summ           0%         N/A       43%         3
 Inner Flame              Hex/Fire       0%         N/A       43%         3
 Portal Projectile        Hex/Tloc       0%         N/A       43%         3
 Summon Guardian Golem    Hex/Summ       0%         N/A       43%         3
 Tukima's Dance           Hex            0%         N/A       43%         3
 Fulminant Prism          Conj/Hex       0%         3d5       83%         4
 Iskenderun's Mystic Bla  Conj/Tloc      0%         2d3       83%         4
 Yara's Violent Unravell  Hex/Tmut       0%         3d3       99%         5
 Enfeeble                 Hex            0%         N/A       100%        7
 Summon Hydra             Summ           0%         N/A       100%        7


Dungeon Overview and Level Annotations

Branches:
Dungeon (5/15)            Ossuary (visited)
 Temple: D:4-7

Altars:
Nemelex Xobeh
Wu Jian

Annotations:
D:3 3 runed translucent doors, Mightysalt's ghost, amateur GnCK


Innate Abilities, Weirdness & Mutations

You are a hulking beast.
Your limbs bulge with bestial killing power. (Slay +2)
You are too large for most types of armour.
You have tough skin. (AC +1)


Message History

The acid dragon is moderately wounded.
You barely miss the acid dragon.
The acid dragon is moderately wounded.
The acid dragon bites you!
* * * LOW HITPOINT WARNING * * *
The acid dragon claws you.
* * * LOW HITPOINT WARNING * * *
You feel much better. The acid dragon bites you.
The acid dragon closely misses you.
You closely miss the acid dragon.
The acid dragon is moderately wounded.
You hit the acid dragon.
The acid dragon is moderately wounded.
The acid dragon bites you! The acid dragon closely misses you.
You closely miss the acid dragon.
The acid dragon is moderately wounded.
You hit the acid dragon but do no damage.
The acid dragon is moderately wounded.
The acid dragon bites you.
* * * LOW HITPOINT WARNING * * *
The acid dragon closely misses you.
You hit the acid dragon but do no damage.
Your punch misses the acid dragon.
The acid dragon is moderately wounded.
The acid dragon spits acid at you. The splash of acid hits you!
* * * LOW HITPOINT WARNING * * *
You hit the acid dragon but do no damage.
The acid dragon is moderately wounded.
You feel better. The acid dragon misses you. The acid dragon claws you.
* * * LOW HITPOINT WARNING * * *
You feel very mighty all of a sudden. The acid dragon closely misses you.
The acid dragon completely misses you.
You closely miss the acid dragon.
The acid dragon is moderately wounded.
You closely miss the acid dragon.
The acid dragon is moderately wounded.
The acid dragon spits acid at you. The splash of acid hits you!!
You die...

#.......#.≈≈...≈≈....
#...... #....≈.......
#...... #............
#....###..≈...≈.....
+....#....≈...≈.....
#...)'.....≈.≈......
#....#...≈.≈.≈.≈....
#####....#'##≈.....≈....
.......h##..#≈.....≈....
.......D#...##≈.≈.≈#....
........#...# ≈.≈.≈#....
........#...# ≈.≈.≈#
........##### ...≈
##+#..... #..... #.....


You could see an acid dragon (catching breath).

Vanquished Creatures
  A water moccasin (D:5)
  A scorpion (D:4)
  A hound (D:4)
  Terence (D:2)
  An orc wizard (D:5)
  An iguana (D:4)
  8 mummies (Ossuary)
  5 adders
  A worm (D:4)
  A dart slug (D:1)
  14 orcs
  2 bats (D:2)
  8 endoplasms
  5 giant cockroaches
  7 goblins
  5 hobgoblins
  4 quokkas
  3 ball pythons
  3 frilled lizards
  4 gnoll zombies (Ossuary)
  2 hobgoblin zombies (Ossuary)
  5 kobolds
  2 orc zombies (Ossuary)
  9 rats
94 creatures vanquished.

Vanquished Creatures (others)
  An orc wizard (D:4)
1 creature vanquished.

Grand Total: 95 creatures vanquished

Notes
Turn   | Place    | Note
-------+----------+-------------------------------------------
     0 | D:1      | arthad the Ogre Shapeshifter began the quest for the Orb.
     0 | D:1      | Reached XP level 1. HP: 19/19 MP: 1/1
   227 | D:1      | Reached XP level 2. HP: 28/28 MP: 2/2
   420 | D:1      | Reached skill level 2 in Fighting
   547 | D:1      | Reached XP level 3. HP: 21/35 MP: 3/3
   918 | D:2      | Found an ornate altar of the Wu Jian Council.
  1104 | D:2      | Noticed Terence
  1332 | D:2      | Killed Terence
  1333 | D:2      | Reached XP level 4. HP: 10/44 MP: 4/4
  1807 | D:3      | Found a runed translucent gate.
  1807 | D:3      | Found a runed translucent gate.
  1807 | D:3      | Found a runed translucent gate.
  1812 | D:3      | Noticed Mightysalt's ghost (amateur GnCK)
  1893 | D:3      | Found a sparkling altar of Nemelex Xobeh.
  1911 | D:3      | Reached skill level 3 in Fighting
  2447 | D:4      | Noticed a scorpion
  2449 | D:4      | Killed a scorpion
  2450 | D:4      | Reached skill level 1 in Armour
  2450 | D:4      | Reached XP level 5. HP: 53/53 MP: 5/5
  2788 | D:4      | Identified the +4 quarterstaff of Ghostly Responsibility
                  | {flame, +Blink rCorr Str+3 Int+3}
  3196 | D:4      | Reached skill level 4 in Fighting
  3196 | D:4      | Reached XP level 6. HP: 44/62 MP: 6/6
  3678 | D:4      | Identified the staff "Ebomeeph" {rN+ Earth}
  3736 | D:5      | Entered Level 5 of the Dungeon
  3792 | D:5      | Found a sand-covered staircase.
  3852 | Ossuary  | Entered an ossuary
  4382 | D:5      | Noticed a water moccasin
  4394 | D:5      | Killed a water moccasin
  4395 | D:5      | Reached XP level 7. HP: 20/71 MP: 7/7
  4590 | D:5      | Reached skill level 5 in Fighting
  4608 | D:5      | Killed from afar by an acid dragon

Illustrated notes

Levels and vault maps discovered:
D:1:      nzn_arrival_water_spiral, layout_basic
D:2:      layout_basic, basic_altar, uniq_terence
D:3:      layout_basic, nemelex_dance_club_becter, serial_glass,
          glass_columns_a, glass_columns_a, gammafunk_ghost_necromancy,
          minmay_misc_feat_roman
D:4:      layout_loops_corners, kennysheep_generic_room_4
D:5:      layout_gridville, nicolae_uskayaw_suspiria,
          nicolae_ossuary_entry_ruins

Skill      XL: |  1  2  3  4  5  6  7 |
---------------+----------------------+-----
Unarmed Combat | 3 4 |  4.3
Fighting       | 2 3 4 5 |  5.0
Dodging        | 2 |  2.8
Armour         | 1 |  1.6
Shapeshifting  | 4 |  4.4
Stealth        | |  0.3

Action                     |  1- 3 |  4- 6 |  7- 9 || total
---------------------------+-------+-------+-------++-------
  Melee: Unarmed           |   110 |   214 |    16 ||   340
         Punch             |     2 |     3 |       ||     5
  Throw: Boomerang         |       |     3 |       ||     3
    Use: Potion            |     1 |     4 |     4 ||     9
         Scroll            |       |     6 |       ||     6
   Stab: Sleeping          |       |     1 |       ||     1
 Armour: Animal skin       |    61 |   124 |    17 ||   202
         Skin              |     5 |       |       ||     5
  Dodge: Dodged            |    42 |    97 |     7 ||   146

Table legend: (Time is in decaauts)
 A = Elapsed time spent in this place.
 B = Non-inter-level travel time spent in this place.
 C = Inter-level travel time spent in this place.
 D = Time resting spent in this place.
 E = Time spent auto-exploring this place.
 F = Levels seen in this place.
 G = Mean time per level.
                   A        B        C        D        E       F      G
               +--------+--------+--------+--------+--------+-----+--------+
         Total |   4581 |   4486 |     95 |    392 |   3311 |   6 |  763.5 |
       Dungeon |   4146 |   4051 |     95 |    245 |   3138 |   5 |  829.2 |
       Ossuary |    435 |    435 |      0 |    147 |    173 |   1 |  435.0 |
               +--------+--------+--------+--------+--------+-----+--------+

Top non-repeatable levels by time:
     D:4: 1489 daAuts
     D:1: 960 daAuts
     D:2: 783 daAuts
     D:3: 488 daAuts
 Ossuary: 435 daAuts
     D:5: 425 daAuts
